 Dungeon Crawl Stone Soup version 0.29-a0-529-gfa20dd96a1 (webtiles) character file.

Game seed: 1190616029614748441

1132 zeratav the Archer (level 8, 0/44 HPs)
             Began as a Tengu Hunter on June 1, 2022.
             Was an Initiate of Hepliaklqana.
             Slain by a gnoll
             ... wielding a +3 flail
              (10 damage)
             ... on level 5 of the Dungeon.
             The game lasted 00:08:17 (4372 turns).

zeratav the Archer (Tengu Hunter)                   Turns: 4372, Time: 00:08:17

Health: 0/44       AC:  6    Str: 13    XL:     8   Next: 36%
Magic:  9/9        EV: 14    Int: 15    God:    Hepliaklqana [......]
Gold:   269        SH:  5    Dex: 19    Spells: 7/7 levels left

rFire   . . .      SeeInvis +   a - +1 shortbow {bow}
rCold   . . .      Faith    .   (shield currently unavailable)
rNeg    . . .      Spirit   .   b - +0 leather armour
rPois   .          Reflect  +   (helmet restricted)
rElec   .          Harm     .   (no cloak)
rCorr   .          Rampage  .   n - +2 pair of gloves
Will    .....                   (boots unavailable)
Stlth   +.........              m - amulet of reflection
HPRegen 0.14/turn               l - ring of see invisible
MPRegen 0.11/turn               t - +6 ring of intelligence

@: lit by a corona, flying quickly and evasively, glowing, quick
A: beak, talons 3, nimble flight
a: Renounce Religion


You were on level 5 of the Dungeon.
You worshipped Hepliaklqana.
Hepliaklqana was noncommittal.
You visited 2 branches of the dungeon, and saw 6 of its levels.
You also visited: Ossuary.

You collected 269 gold pieces.


Innate Abilities, Weirdness & Mutations

You have a beak for a mouth.
You have claws for feet.
Your magical nature lets you fly swiftly and evasively.


   Skills:
 - Level 2.0 Fighting
 * Level 11.4 Bows
 - Level 2.1 Dodging
 - Level 1.0 Stealth


You had 7 spell levels left.
You didn't know any spells.
Your spell library contained the following spells:

 Spells                   Type           Power      Damage    Failure   Level
 Apportation              Tloc           0%         N/A       34%         1
 Necrotize                Necr           0%         1d4       34%         1
 Summon Small Mammal      Summ           0%         N/A       34%         1
 Gell's Gravitas          Tloc           0%         N/A       71%         3
 Lesser Beckoning         Tloc           0%         N/A       71%         3
 Teleport Other           Tloc           0%         N/A       71%         3
 Tukima's Dance           Hex            0%         N/A       71%         3
 Fulminant Prism          Conj/Hex       0%         3d6       98%         4
 Iskenderun's Mystic Bla  Conj/Tloc      0%         2d3       98%         4
 Passage of Golubria      Tloc           0%         N/A       98%         4
 Lee's Rapid Deconstruct  Erth           0%         3d5*      100%        5
 Yara's Violent Unravell  Hex/Tmut       0%         3d3       100%        5

Inventory:

Hand Weapons
 a - a +1 shortbow (weapon) {bow}
Armour
 b - a +0 leather armour (worn)
 j - a +0 ring mail
   (You found it on level 4 of the Dungeon)
 n - a +2 pair of gloves (worn)
   (You found it on level 2 of the Dungeon)
 p - a +0 scale mail
   (You took it off an orc on level 4 of the Dungeon)
 r - a +0 chain mail of cold resistance
   (You found it on level 3 of the Dungeon)
 u - a +0 leather armour
   (You took it off an orc on level 5 of the Dungeon)
 w - a +0 scale mail
   (You took it off a gnoll sergeant on level 5 of the Dungeon)
Jewellery
 l - a ring of see invisible (left hand)
   (You found it on level 2 of the Dungeon)
 m - an amulet of reflection (around neck)
   (You found it on level 2 of the Dungeon)
 t - a +6 ring of intelligence (right hand)
   (You found it on level 3 of the Dungeon)
Wands
 k - a wand of paralysis (9)
   (You found it on level 4 of the Dungeon)
Scrolls
 c - 3 scrolls of immolation {!r!r}
 f - 2 scrolls of brand weapon
 g - 2 scrolls of enchant armour
 i - 3 scrolls of teleportation {@r4}
 y - a scroll of magic mapping {!r}
 z - a scroll of fog
Potions
 d - a potion of resistance {unknown}
 e - 2 potions of attraction {unknown}
 h - a potion of brilliance {unknown}
 o - 3 potions of haste {unknown}
 q - 2 potions of heal wounds {unknown}
 s - a potion of flight {unknown}
 v - a potion of magic {unknown}
 x - 2 potions of mutation {unknown}

Dungeon Overview and Level Annotations

Branches:
Dungeon (5/15)             Temple (1/1) D:4         Ossuary (visited)

Altars:
Ashenzari
Cheibriados
Elyvilon
Hepliaklqana
Kikubaaqudgha
Makhleb
Nemelex Xobeh
Okawaru
Qazlal
Ru
Sif Muna
Uskayaw
Vehumet
Wu Jian
Xom
Yredelemnul
Zin
The Shining One

Shops:
D:5

= ###############
#..............
#######....†.....÷g..
#.........###########
###.......^## #.....######
#....######## #..8.#.g(...#..
#....#@≈≈≈≈≈...
#.....)....()..
#..............
#####....#≈≈≈≈≈≈... .
#......8.#......#..
..#........######## .
............######
.................##
.......<...#......###########


You could see a gnoll (fast).


Message History

The gnoll shouts!
You see here a hound skeleton.
You shoot an arrow. The arrow hits the gnoll!
You kill the gnoll!
No target in view!
No target in view!
A gnoll shaman comes into view. It is wielding a +1 vampiric whip.
A gnoll comes into view. It is wielding a +3 flail.
You shoot an arrow. The gnoll shouts!
The arrow hits the gnoll shaman!
You shoot an arrow.
The arrow completely misses the gnoll shaman.
The gnoll throws a throwing net.
The throwing net hits you.
You become entangled in the net!
You hear a splash.
You struggle against the net.
Unknown command.
You struggle against the net.
You struggle against the net.
You struggle against the net.
The gnoll shaman calls upon its god to speed up the gnoll.
The gnoll seems to speed up.
You rip the net and break free!
The gnoll shaman hits you with a +1 vampiric whip.
HP[-4]
You take 4 damage, and now have 40/44 hp.
You shoot an arrow. The arrow hits the gnoll shaman.
You shoot an arrow. The arrow hits the gnoll shaman.
The gnoll shaman invokes the aid of its god against you.
You are outlined in light.
You shoot an arrow.
The arrow hits the gnoll shaman but does no damage.
You shoot an arrow.
The arrow barely misses the gnoll shaman.
You shoot an arrow.
The arrow hits the gnoll shaman but does no damage.
Shoot: a) +1 shortbow {bow}
Press: ? - help, Q - select action, (/) - cycle Shift-Dir - straight line, f/p - gnoll shaman
Aim: a gnoll shaman, wielding a +1 vampiric whip and wearing a +0 leather armour (severely wounded, 71% to hit)
You shoot an arrow.
The arrow closely misses the gnoll shaman.
HP[+1] Shoot: a) +1 shortbow {bow}
Press: ? - help, Q - select action, (/) - cycle Shift-Dir - straight line, f/p - gnoll shaman
Aim: a gnoll shaman, wielding a +1 vampiric whip and wearing a +0 leather armour (severely wounded, 71% to hit)
You shoot an arrow.
The arrow closely misses the gnoll shaman.
The gnoll hits you with a +3 flail!
The gnoll shaman utters an invocation to its god.
The gnoll shaman is healed somewhat.
The gnoll closely misses you.
HP[-7]
You take 7 damage, and now have 34/44 hp.
Shoot: a) +1 shortbow {bow}
Press: ? - help, Q - select action, (/) - cycle Shift-Dir - straight line, f/p - gnoll shaman
Aim: a gnoll shaman, wielding a +1 vampiric whip and wearing a +0 leather armour (heavily wounded, 71% to hit)
You shoot an arrow. The arrow hits the gnoll shaman.
The gnoll barely misses you.
Shoot: a) +1 shortbow {bow}
Press: ? - help, Q - select action, (/) - cycle Shift-Dir - straight line, f/p - gnoll shaman
Aim: a gnoll shaman, wielding a +1 vampiric whip and wearing a +0 leather armour (heavily wounded, 71% to hit)
You shoot an arrow.
The arrow hits the gnoll shaman but does no damage.
The gnoll hits you with a +3 flail. x2
HP[-9]
You take 9 damage, and now have 25/44 hp.
MASSIVE DAMAGE!! (PAUSE) Shoot: a) +1 shortbow {bow}
Press: ? - help, Q - select action, (/) - cycle Shift-Dir - straight line, f/p - gnoll shaman
Aim: a gnoll shaman, wielding a +1 vampiric whip and wearing a +0 leather armour (heavily wounded, 71% to hit)
You shoot an arrow. The arrow hits the gnoll shaman.
The gnoll hits you with a +3 flail!
* * * LOW HITPOINT WARNING * * *
The gnoll shaman mumbles some strange prayers to its god.
The gnoll shaman is healed somewhat.
HP[-10]
You take 10 damage, and now have 15/44 hp.
MASSIVE DAMAGE!! (PAUSE) Shoot: a) +1 shortbow {bow}
Press: ? - help, Q - select action, (/) - cycle Shift-Dir - straight line, f/p - gnoll shaman
Aim: a gnoll shaman, wielding a +1 vampiric whip and wearing a +0 leather armour (heavily wounded, 71% to hit)
You shoot an arrow. The arrow hits the gnoll shaman.
The gnoll barely misses you. x2
Shoot: a) +1 shortbow {bow}
Press: ? - help, Q - select action, (/) - cycle Shift-Dir - straight line, f/p - gnoll shaman
Aim: a gnoll shaman, wielding a +1 vampiric whip and wearing a +0 leather armour (almost dead, 71% to hit)
You shoot an arrow. The arrow hits the gnoll shaman.
The gnoll hits you with a +3 flail.
* * * LOW HITPOINT WARNING * * *
HP[-6]
You take 6 damage, and now have 9/44 hp.
Shoot: a) +1 shortbow {bow}
Press: ? - help, Q - select action, (/) - cycle Shift-Dir - straight line, f/p - gnoll shaman
Aim: a gnoll shaman, wielding a +1 vampiric whip and wearing a +0 leather armour (almost dead, 71% to hit)
You shoot an arrow. The arrow hits the gnoll shaman.
You kill the gnoll shaman!
You block the gnoll's attack.
HP[+1]
The gnoll hits you with a +3 flail!
You die...

Skill      XL: |  1  2  3  4  5  6  7  8 |
---------------+-------------------------+-----
Bows           | 5 6 8 10 11 | 11.4
Fighting       | |  2.0
Dodging        | |  2.1
Stealth        | |  1.0

Action                   |  1- 3 |  4- 6 |  7- 9 || total
-------------------------+-------+-------+-------++-------
 Fire: Shortbow          |    60 |   120 |   239 ||   419
  Use: Scroll            |       |       |     6 ||     6
Armor: Leather armour    |    13 |    18 |    12 ||    43
Dodge: Dodged            |     7 |    55 |    43 ||   105
Block: Other             |     6 |    21 |    20 ||    47

Levels and vault maps discovered:
D:1:      lightli_arrival_chessboard, layout_loops_ring,
          hellmonk_ecumenical_altar_the_god_not_taken
D:2:      layout_basic, dreamdust_mushroom_princess
D:3:      layout_rooms, uniq_terence, uniq_jessica, uniq_sigmund
D:4:      layout_basic, minmay_temple_entry_offerings,
          lightli_ossuary_entry_decrepit_ruins
D:5:      layout_cave_pools, grunt_dithmenos_smoke_and_mirrors,
          serial_gnoll_camp, gnoll_camp_mini_doghouse, gnoll_camp_mini_hut,
          gnoll_camp_mini_loothouse, gnoll_camp_medium_01, gnoll_camp_mini_hut,
          serial_shops, nicolae_stop_n_shop_2, serial_bayou_ford_a
Temple:   dpeg_five_rooms_temple

Notes
Turn   | Place    | Note
-------+----------+-------------------------------------------
     0 | D:1      | zeratav the Tengu Hunter began the quest for the Orb.
     0 | D:1      | Reached XP level 1. HP: 12/12 MP: 2/2
     0 | D:1      | magus.rc [v1.9.6]
   144 | D:1      | You pick up a book of Blasting and begin reading...
   144 | D:1      | You add the spells Fulminant Prism, Iskenderun's Mystic
                  | Blast and Lee's Rapid Deconstruction to your library.
   408 | D:1      | Reached XP level 2. HP: 17/17 MP: 3/3
   434 | D:1      | Reached skill level 5 in Bows
   563 | D:1      | Found a faded altar of an unknown god.
   565 | D:1      | You pick up a book of Displacement and begin reading...
   565 | D:1      | You add the spells Lesser Beckoning, Gell's Gravitas and
                  | Teleport Other to your library.
   578 | D:1      | Found a faded altar of an unknown god.
   721 | D:2      | You pick up a book of Cantrips and begin reading...
   721 | D:2      | You add the spells Necrotize, Summon Small Mammal and
                  | Apportation to your library.
   770 | D:2      | Reached XP level 3. HP: 21/21 MP: 4/4
  1032 | D:2      | Reached skill level 6 in Bows
  1032 | D:2      | Reached XP level 4. HP: 26/26 MP: 5/5
  1448 | D:3      | HP: 6/26 [poisoned by an adder]
  1719 | D:3      | Gained mutation: Your magical nature lets you fly swiftly
                  | and evasively. [Tengu growth]
  1719 | D:3      | Reached XP level 5. HP: 30/30 MP: 6/6
  1926 | D:3      | Noticed Terence
  1926 | D:3      | Noticed Jessica
  1927 | D:3      | Killed Jessica
  1928 | D:3      | Reached skill level 7 in Bows
  1952 | D:3      | Killed Terence
  2329 | D:3      | Noticed Sigmund
  2337 | D:3      | Killed Sigmund
  2338 | D:3      | Reached skill level 8 in Bows
  2338 | D:3      | Reached XP level 6. HP: 17/35 MP: 7/7
  2543 | D:4      | Reached XP level 7. HP: 36/40 MP: 8/8
  2605 | D:4      | Reached skill level 9 in Bows
  2832 | D:4      | Found a sand-covered staircase.
  2847 | Ossuary  | Entered an ossuary
  3069 | Ossuary  | Reached skill level 10 in Bows
  3318 | D:4      | Found a staircase to the Ecumenical Temple.
  3332 | D:4      | You add the spells Tukima's Dance, Passage of Golubria and
                  | Yara's Violent Unravelling to your library.
  3335 | Temple   | Entered the Ecumenical Temple
  3606 | Temple   | Became a worshipper of Hepliaklqana the Forgotten
  3890 | D:5      | Entered Level 5 of the Dungeon
  3895 | D:5      | Found Imuam's Jewellery Emporium.
  3979 | D:5      | Reached XP level 8. HP: 44/44 MP: 9/9
  4023 | D:5      | Reached skill level 11 in Bows
  4370 | D:5      | HP: 9/44 [gnoll/+3 flail (6)]
  4372 | D:5      | Slain by a gnoll

Vanquished Creatures
  Sigmund (D:3)
  A black bear (D:5)
  A gnoll sergeant (D:5)
  3 scorpions (D:4)
  2 centaur zombies (Ossuary)
  3 hounds
  A gnoll shaman (D:5)
  3 human zombies (Ossuary)
  Jessica (D:3)
  Terence (D:3)
  An iguana (D:5)
  A hound zombie (Ossuary)
  3 mummies (Ossuary)
  3 gnolls (D:5)
  9 adders
  A white imp (D:5)
  5 adder zombies (Ossuary)
  A worm (D:4)
  3 orcs
  6 ball pythons
  5 bats
  4 endoplasms
  4 giant cockroaches
  2 gnoll zombies (Ossuary)
  7 goblins
  4 hobgoblins
  9 jackals
  3 quokkas (D:4)
  7 frilled lizards
  2 goblin zombies (Ossuary)
  5 hobgoblin zombies (Ossuary)
  3 jackal zombies (Ossuary)
  8 kobolds
  3 kobold zombies (Ossuary)
  3 orc zombies (Ossuary)
  2 quokka zombies (Ossuary)
  3 rats
  2 rat zombies (Ossuary)
126 creatures vanquished.

Vanquished Creatures (others)
  7 fungi (D:2)
  3 plants (D:5)
10 creatures vanquished.

Grand Total: 136 creatures vanquished

Table legend:
 A = Non-vault XP
 B = Vault XP
 C = Vault XP percentage of total XP
 D = Non-vault monster count
 E = Vault monster count
 F = Vault count percentage of total count
                 A         B        C        D         E       F
            +---------+---------+-------+---------+---------+-------
      Total |     784 |     834 |  51.5 |      80 |      46 |  36.5
            +---------+---------+-------+---------+---------+-------
        D:1 |      21 |       0 |   0.0 |      15 |       0 |   0.0
        D:2 |     120 |       0 |   0.0 |      25 |       0 |   0.0
        D:3 |      45 |     312 |  87.4 |      18 |       3 |  14.3
        D:4 |     330 |       0 |   0.0 |      16 |       0 |   0.0
        D:5 |     268 |     180 |  40.2 |       6 |       7 |  53.8
    Ossuary |       0 |     342 | 100.0 |       0 |      36 | 100.0
            +---------+---------+-------+---------+---------+-------

Illustrated notes

Table legend:
 A = Kills in this place as a percentage of kills in entire the game.
 B = Kills by you in this place as a percentage of kills by you in the entire game.
 C = Kills by friends in this place as a percentage of kills by friends in the entire game.
 D = Other kills in this place as a percentage of other kills in the entire game.
 E = Experience gained in this place as a percentage of experience gained in the entire game.
 F = Experience gained in this place divided by the number of levels of this place that you have seen.
                   A       B       C       D       E      F
               +-------+-------+-------+-------+-------+----------------------
         Total | 100.0 | 100.0 |   N/A |   N/A | 100.0 | 231.1
       Dungeon |  71.4 |  71.4 |   N/A |   N/A |  78.9 | 255.2
       Ossuary |  28.6 |  28.6 |   N/A |   N/A |  21.1 | 342.0
               +-------+-------+-------+-------+-------+----------------------

Table legend: (Time is in decaauts)
 A = Elapsed time spent in this place.
 B = Non-inter-level travel time spent in this place.
 C = Inter-level travel time spent in this place.
 D = Time resting spent in this place.
 E = Time spent auto-exploring this place.
 F = Levels seen in this place.
 G = Mean time per level.
                   A        B        C        D        E       F      G
               +--------+--------+--------+--------+--------+-----+--------+
         Total |   4243 |   4106 |    137 |      0 |   3165 |   7 |  606.1 |
       Dungeon |   3593 |   3513 |     80 |      0 |   2764 |   5 |  718.6 |
        Temple |    273 |    217 |     56 |      0 |    203 |   1 |  273.0 |
       Ossuary |    376 |    376 |      0 |      0 |    197 |   1 |  376.0 |
               +--------+--------+--------+--------+--------+-----+--------+

Top non-repeatable levels by time:
     D:2: 1004 daAuts
     D:3: 823 daAuts
     D:1: 695 daAuts
     D:4: 624 daAuts
     D:5: 446 daAuts
 Ossuary: 376 daAuts
  Temple: 273 daAuts
